 Seeded DCSS version 0.29.1-15-g9cfb28693d (webtiles) character file.

Game seed: 5297477676520237703 (custom seed)

126 GigaChad the Covered (level 4, 0/40 HPs)
             Began as a Minotaur Fighter on Mar 10, 2023.
             Was an Initiate of the Shining One.
             Succumbed to a scorpion's poison
             ... on level 4 of the Dungeon.
             The game lasted 00:05:16 (3067 turns).

GigaChad the Covered (Minotaur Fighter)             Turns: 3067, Time: 00:05:16

Health: 0/40       AC: 13    Str: 28    XL:     4   Next: 83%
Magic:  3/3        EV:  8    Int:  5    God:    the Shining One [......]
Gold:   165        SH:  4    Dex: 10    Spells: 3/3 levels left

rFire   . . .      SeeInvis .   a - +0 war axe
rCold   + . .      Faith    .   c - +0 buckler
rNeg    . . .      Spirit   .   n - +2 chain mail {rC+}
rPois   .          Reflect  .   (helmet restricted)
rElec   .          Harm     .   o - +0 cloak
rCorr   .          Rampage  .   (no gloves)
Will    .....                   (no boots)
Stlth   ..........              (no amulet)
HPRegen 0.13/turn               l - +6 ring of strength
MPRegen 0.08/turn               (no ring)

@: lethally poisoned (0 -> -3), glowing
A: horns 2, retaliatory headbutt
a: Renounce Religion


You were on level 4 of the Dungeon.
You worshipped the Shining One.
The Shining One was noncommittal.
You visited 1 branch of the dungeon, and saw 4 of its levels.

You collected 165 gold pieces.

Inventory:

Hand Weapons
 a - a +0 war axe (weapon)
 g - a +0 bardiche
Armour
 b - a +0 scale mail
 c - a +0 buckler (worn)
 n - a +2 chain mail of cold resistance (worn)
 o - a +0 cloak (worn)
Jewellery
 i - an amulet of magic regeneration
 l - a +6 ring of strength (left hand)
 r - a ring of flight
Wands
 u - a wand of charming (2)
Scrolls
 e - a scroll of fear
 f - a scroll of identify
 h - 3 scrolls of teleportation
 j - 2 scrolls of immolation
 s - a scroll of amnesia {unknown}
 t - a scroll of enchant armour {unknown}
 v - a scroll of magic mapping {unknown}
Potions
 d - a potion of might
 k - 2 potions of resistance
 m - 3 potions of magic {unknown}
 p - 2 potions of brilliance {unknown}
 q - a potion of attraction {unknown}
 w - a potion of flight {unknown}


   Skills:
 + Level 4.1 Fighting
 + Level 4.0 Axes
 + Level 4.9 Armour
 + Level 1.1 Dodging
 + Level 0.2 Stealth
 + Level 4.1 Shields


You had 3 spell levels left.
You didn't know any spells.
Your spell library was empty.

Dungeon Overview and Level Annotations

Branches:
Dungeon (4/15)
 Temple: D:4-7

Altars:
The Shining One

Portals:
Abyss: D:3

Annotations:
D:3 2 transporters, sigtrap's ghost, amateur DjCj


Innate Abilities, Weirdness & Mutations

You have a pair of horns on your head.
You reflexively headbutt those who attack you in melee.


Message History

The scorpion is heavily wounded.
You feel sick.
The scorpion stings you but does no damage.
The scorpion barely misses you. You furiously retaliate!
You headbutt the scorpion. You hit the scorpion.
The scorpion is almost dead.
You feel sick.
The scorpion stings you but does no damage.
The scorpion stings you.
You completely miss the scorpion.
The scorpion is almost dead.
You feel sick. The scorpion stings you.
* * * LOW HITPOINT WARNING * * *
You closely miss the scorpion.
You headbutt the scorpion, but do no damage.
The scorpion is almost dead.
You feel sick.
You are no longer poisoned.
The scorpion stings you.
* * * LOW HITPOINT WARNING * * *
The scorpion stings you.
* * * LOW HITPOINT WARNING * * *
You are lethally poisoned!
The scorpion poisons you!
You barely miss the scorpion.
The scorpion is almost dead.
* * * LOW HITPOINT WARNING * * *
You feel very sick. The scorpion stings you.
* * * LOW HITPOINT WARNING * * *
You closely miss the scorpion.
The scorpion is almost dead.
* * * LOW HITPOINT WARNING * * *
You feel sick.
The scorpion stings you but does no damage.
The scorpion closely misses you.
You hit the scorpion but do no damage.
The scorpion is almost dead.
You die...

#...)###.......#
#.#.
#....###.......#
#.#.
#....#.........#
#...
#....#.........#
#...
#....#.........#
#...
#....#...#########
#...
#....#...........#
#....#..†........#
#....###..@s.....#
###### #.........#
#....?....#
...........#
............#
######.......#
##.###### .#


You could see a scorpion.

Vanquished Creatures
  Ijyb (D:3)
  3 adders
  A worm (D:4)
  8 orcs
  5 endoplasms
  5 giant cockroaches
  7 goblins
  8 hobgoblins
  3 jackals (D:4)
  2 quokkas
  3 ball pythons
  3 bats
  A frilled lizard (D:2)
  5 kobolds
  2 rats
57 creatures vanquished.

Notes
Turn   | Place    | Note
-------+----------+-------------------------------------------
     0 | D:1      | GigaChad the Minotaur Fighter began the quest for the Orb.
     0 | D:1      | Reached XP level 1. HP: 19/19 MP: 0/0
   445 | D:1      | Reached XP level 2. HP: 21/27 MP: 1/1
  1219 | D:2      | Reached XP level 3. HP: 30/33 MP: 2/2
  1836 | D:3      | Noticed a kobold brigand
  1958 | D:3      | Found a transporter.
  1965 | D:3      | Found a transporter.
  1977 | D:3      | Noticed sigtrap's ghost (amateur DjCj)
  1982 | D:3      | Found a one-way gate to the infinite horrors of the Abyss.
  2116 | D:3      | Reached XP level 4. HP: 37/39 MP: 3/3
  2148 | D:3      | Found a glowing golden altar of the Shining One.
  2168 | D:3      | Became a worshipper of the Shining One
  2389 | D:3      | Noticed Ijyb
  2410 | D:3      | Killed Ijyb
  2786 | D:4      | Reached skill level 1 in Dodging
  3053 | D:4      | Noticed a scorpion
  3065 | D:4      | HP: 2/40 [scorpion (1)]
  3067 | D:4      | Succumbed to a scorpion's poison

Illustrated notes

Levels and vault maps discovered:
D:1:      eino_arrival_cavern_d, layout_loops_corners
D:2:      layout_basic, kennysheep_generic_room_4
D:3:      layout_loops_corners, tso_metal_star, gammafunk_ghost_abyssal_escape,
          uniq_ijyb
D:4:      layout_basic, marbit_many_paths, item_on_display_a

Skill      XL: |  1  2  3  4 |
---------------+-------------+-----
Armour         | 4 |  4.9
Shields        | 4 |  4.1
Axes           | 3 4 |  4.0
Fighting       | 4 |  4.1
Dodging        | 1 |  1.1
Stealth        | |  0.2

Action                   |  1- 3 |  4- 6 || total
-------------------------+-------+-------++-------
Melee: War axe           |    86 |    47 ||   133
       Headbutt          |     5 |    10 ||    15
  Use: Scroll            |     5 |       ||     5
Armor: Scale mail        |    45 |       ||    45
       Chain mail        |     5 |    32 ||    37
Dodge: Dodged            |    60 |    19 ||    79
Block: Buckler           |    22 |    10 ||    32
